 Dungeon Crawl Stone Soup version 0.20-a0-1124-g2e29d97 (webtiles) character file.

89 Ijustatesigmund the Conjurer (level 4, -11/38 HPs)
             Began as a Draconian Conjurer on May 16, 2017.
             Mangled by an ogre
             ... wielding a +0 giant club
              (27 damage)
             ... on level 4 of the Dungeon.
             The game lasted 00:06:47 (2619 turns).

Ijustatesigmund the Conjurer (Draconian Conjurer)   Turns: 2619, Time: 00:06:48

Health: -11/38     AC:  5    Str: 10    XL:     4   Next: 31%
Magic:  4/8        EV: 12    Int: 17    God:
Gold:   135        SH:  0    Dex: 11    Spells: 3/9 levels left

rFire    . . .     SeeInvis .   h - +1 dagger (vamp)
rCold    . . .     Gourm    .   (no shield)
rNeg     . . .     Faith    .   (armour unavailable)
rPois    .         Spirit   .   (helmet restricted)
rElec    .         Reflect  .   (no cloak)
rCorr    .         Harm     .   (no gloves)
MR       .....                  (no boots)
Stlth    +.........             (no amulet)
Regen    0.2/turn               b - ring of loudness (curse)
MPRegen  0.2/turn               (no ring)

@: no status effects
A: unfitting armour, cold-blooded, AC +5
a: no special abilities


You were on level 4 of the Dungeon.
You were not hungry.

You visited 1 branch of the dungeon, and saw 4 of its levels.

You collected 135 gold pieces.

Inventory:

Hand Weapons
 e - a +0 dagger
 h - a +1 vampiric dagger (weapon)
Jewellery
 b - a cursed ring of loudness (left hand)
Potions
 c - 3 potions of heal wounds
 f - a potion of agility
 i - a potion of cancellation {unknown}
 k - a potion of curing {unknown}
 l - a potion of magic {unknown}
Books
 a - a book of Conjurations

   Spells                             Type                      Level
   a - Magic Dart                     Conjuration                  1
   b - Searing Ray                    Conjuration                  2
   c - Dazzling Spray                 Conjuration/Hexes            3
   d - Fulminant Prism                Conjuration/Hexes            4
   e - Force Lance                    Conjuration/Translocation    4
   f - Iskenderun's Mystic Blast      Conjuration                  4
Comestibles
 d - 3 royal jellies
 g - a meat ration
 j - 2 bread rations
 m - 3 fruits
 n - a chunk of flesh


   Skills:
 + Level 3.0 Fighting
 - Level 1.7 Dodging
 - Level 1.7 Stealth
 + Level 3.3 Spellcasting
 - Level 4.0 Conjurations


You had 3 spell levels left.
You knew the following spells:

 Your Spells              Type           Power        Failure   Level  Hunger
a - Magic Dart            Conj           ###.         3%          1    None
b - Searing Ray           Conj           ###...       4%          2    ##.....
c - Dazzling Spray        Conj/Hex       #.....       22%         3    ###....


Dungeon Overview and Level Annotations

Branches:
Dungeon (4/15)
 Temple: D:4-7

Altars:
Sif Muna

Annotations:
D:3 Shinoi's ghost, amateur GrFE


Innate Abilities, Weirdness & Mutations

Your plain brown scales are hard. (AC +5)
You cannot fit into any form of body armour.
You are cold-blooded and may be slowed by cold attacks.


Message History

You can't see any susceptible monsters within range! (Use Z to cast anyway.)
An ogre comes into view. It is wielding a giant club.
The ogre shouts!
Casting: Magic Dart
Confirm with . or Enter, or press ? or * to list all spells.
Aiming: Searing Ray
Press: ? - help, Shift-Dir - straight line, f - ogre
Aim: an ogre, wielding a giant club The searing ray hits the ogre.
The ogre is lightly wounded. (Press . to maintain the ray.)
The searing ray hits the ogre.
The ogre is moderately wounded.
The ogre hits you with a giant club!!
Ouch! That really hurt!
The searing ray hits the ogre.
The ogre is heavily wounded.
The ogre hits you with a giant club!!
Ouch! That really hurt!
You die...

........# ###########
.........# #..........
.........# #..........
......[..# #..........
.†.......# #......<...
.........###..@O......
...........#......[...
...........#..........
######'#...########+#
#.##..#
#########.##..#
#.........##..#
#.##########..#
#..............


You could see an ogre.

Vanquished Creatures
  3 adders
  A leopard gecko (D:2)
  An orc (D:2)
  3 bats
  3 giant cockroaches
  10 goblins
  9 hobgoblins
  7 kobolds
  4 quokkas
  A ball python (D:1)
  4 frilled lizards
  9 rats
55 creatures vanquished.

Notes
Turn   | Place    | Note
-------+----------+-------------------------------------------
     0 | D:1      | Ijustatesigmund the Draconian Conjurer began the quest for the Orb.
     0 | D:1      | Reached XP level 1. HP: 14/14 MP: 3/3
   527 | D:1      | Reached skill level 1 in Fighting
   646 | D:1      | Reached XP level 2. HP: 23/23 MP: 1/5
   715 | D:1      | Learned a level 2 spell: Searing Ray
  1530 | D:2      | Reached XP level 3. HP: 29/29 MP: 5/7
  1559 | D:2      | Learned a level 3 spell: Dazzling Spray
  1989 | D:2      | Found a deep blue altar of Sif Muna.
  2115 | D:2      | Reached XP level 4. HP: 37/37 MP: 4/8
  2285 | D:3      | Noticed Shinoi's ghost (amateur GrFE)
  2614 | D:4      | Noticed an ogre
  2619 | D:4      | Mangled by an ogre

Vault maps used:
D:1:      matt_arrival_los_fun, serial_glass, glass_columns_c, glass_columns_b,
          nrook_loot_triangle, roderic_cross_of_infinity,
          corexii_item_surrounded_by_moat, kennysheep_nondescript
D:2:      lemuel_blue_sif_altar
D:3:      kb_forest_paths, first_bread
D:4:      uniq_grinder

Skill      XL: |  1  2  3  4 |
---------------+-------------+-----
Fighting       | 1 2 3 |  3.0
Spellcasting   | 3 |  3.3
Dodging        | |  1.7
Stealth        | |  1.7
Conjurations   | |  4.0

Action                   |  1- 3 |  4- 6 || total
-------------------------+-------+-------++-------
Melee: Unarmed           |    36 |       ||    36
       Tailslap          |    11 |     3 ||    14
       Dagger            |    38 |    19 ||    57
 Cast: Magic Dart        |    76 |    17 ||    93
       Searing Ray       |     1 |     2 ||     3
  Use: Scroll            |     5 |     1 ||     6
  Eat: Chunk             |     5 |     1 ||     6
       Bread ration      |     1 |       ||     1
Armor: Skin              |    30 |       ||    30
Dodge: Dodged            |    55 |    21 ||    76
